 Dungeon Crawl Stone Soup version 0.29-a0-284-gf9362112df (webtiles) character file.

Game seed: 16653808545292804594

2359 yunder69 the Spear-Bearer (level 9, -2/81 HPs)
             Began as a Minotaur Berserker on Mar 26, 2022.
             Was a Believer of Trog.
             Slain by a gnoll
             ... wielding a +0 halberd
              (5 damage)
             ... on level 6 of the Dungeon.
             The game lasted 00:12:30 (7027 turns).

yunder69 the Spear-Bearer (Minotaur Berserker)      Turns: 7027, Time: 00:12:32

Health: -2/81      AC: 16    Str: 22    XL:     9   Next: 20%
Magic:  8/8        EV:  5    Int: 14    God:    Trog [**....]
Gold:   222        SH:  0    Dex: 10    Spells: 8/8 levels left

rFire   . . .      SeeInvis .   u - +0 halberd
rCold   . . .      Faith    .   (shield currently unavailable)
rNeg    . . .      Spirit   .   x - +0 chain mail
rPois   .          Reflect  .   (helmet restricted)
rElec   .          Harm     .   (no cloak)
rCorr   .          Rampage  .   (no gloves)
Will    ++...                   m - +0 pair of boots
Stlth   ..........              (no amulet)
HPRegen 1.23/turn               k - +6 ring of intelligence
MPRegen 0.11/turn               g - +4 ring of protection

@: lit by a corona, strong-willed (expiring), on berserk cooldown, held,
regenerating (expiring), slowed, glowing, very slow
A: horns 2, retaliatory headbutt
a: Renounce Religion, Berserk, Trog's Hand


You were on level 6 of the Dungeon.
You worshipped Trog.
Trog was pleased with you.
You visited 2 branches of the dungeon, and saw 7 of its levels.

You collected 222 gold pieces.

Inventory:

Hand Weapons
 u - a +0 halberd (weapon)
 y - a +0 whip of electrocution
Armour
 l - a +0 ring mail
 m - a +0 pair of boots (worn)
 x - a +0 chain mail (worn)
 A - +0 steam dragon scales
Jewellery
 g - a +4 ring of protection (right hand)
 k - a +6 ring of intelligence (left hand)
 C - a ring of fire
Wands
 b - a wand of flame (19)
 o - a wand of digging (6)
 r - a wand of mindburst (15)
Scrolls
 d - 3 scrolls of fog {unknown}
 e - 5 scrolls of identify {unknown}
 h - 3 scrolls of teleportation
 i - 2 scrolls of vulnerability {unknown}
 j - a scroll of magic mapping {unknown}
 n - 2 scrolls of noise {unknown}
 p - 3 scrolls of enchant armour {unknown}
 q - a scroll of amnesia {unknown}
 t - a scroll of immolation {unknown}
 z - a scroll of enchant weapon {unknown}
Potions
 a - a potion of heal wounds {unknown}
 c - a potion of experience {unknown}
 f - 2 potions of curing
 s - a potion of flight {unknown}
 v - 2 potions of attraction {unknown}
 w - a potion of haste
 B - a potion of brilliance {unknown}


   Skills:
 + Level 8.2 Fighting
 * Level 10.8 Polearms
 + Level 7.8 Armour
 - Level 3.0 Dodging


You had 8 spell levels left.
You didn't know any spells.
Your spell library was empty.

Dungeon Overview and Level Annotations

Branches:
Dungeon (6/15)             Temple (1/1) D:5

Altars:
Cheibriados
Dithmenos
Elyvilon
Fedhas
Gozag
Kikubaaqudgha
Makhleb
Nemelex Xobeh
Qazlal
Ru
Sif Muna
Trog
Uskayaw
Wu Jian
Xom
Zin
The Shining One

Shops:
D:3 (

Annotations:
Temple (1)


Innate Abilities, Weirdness & Mutations

You have a pair of horns on your head.
You reflexively headbutt those who attack you in melee.


Message History

The gnoll hits you but does no damage. The gnoll barely misses you.
The gnoll hits you but does no damage.
You closely miss the gnoll.
The gnoll is severely wounded.
The gnoll closely misses you. The gnoll hits you but does no damage.
The gnoll hits you from afar with a +0 halberd.
The gnoll hits you but does no damage.
The gnoll hits you from afar with a +0 halberd.
The gnoll hits you but does no damage. The gnoll barely misses you.
You hit the gnoll.
You kill the gnoll!
Trog accepts your kill.
The gnoll throws a throwing net.
The throwing net hits you.
You become entangled in the net!
The gnoll barely misses you.
The gnoll hits you from afar with a +0 halberd.
You struggle against the net.
The gnoll hits you from afar with a +0 halberd.
The gnoll hits you but does no damage. x2
The gnoll hits you from afar with a +0 halberd.
* * * LOW HITPOINT WARNING * * *
You struggle against the net.
The gnoll hits you from afar with a +0 halberd!
* * * LOW HITPOINT WARNING * * *
The gnoll hits you but does no damage. x2
You struggle against the net.
The gnoll hits you from afar with a +0 halberd.
* * * LOW HITPOINT WARNING * * *
The gnoll hits you from afar with a +0 halberd!
* * * LOW HITPOINT WARNING * * *
The gnoll hits you from afar with a +0 halberd.
* * * LOW HITPOINT WARNING * * *
The gnoll hits you but does no damage.
You feel better.
You feel the effects of Trog's Hand fading.
The gnoll barely misses you.
The gnoll hits you from afar with a +0 halberd.
* * * LOW HITPOINT WARNING * * *
The gnoll hits you but does no damage.
The gnoll hits you from afar with a +0 halberd.
You die...

#...# ## #...# #. ####
#...# #. #... #...# #.
....##########...###.
.>..............'...
#.####......#...###.
#.####......#...###.
#g)@)'..............
#.....g####......########
....... #......# #.....#
#......# ...... #....[.#
...##. ######## ... # ..


You could see 2 gnolls.

Vanquished Creatures
  Pikel (D:5)
  Grinder (D:4)
  A wraith (D:5)
  A steam dragon (D:5)
  A water moccasin (D:5)
  3 ogres
  2 sky beasts (D:6)
  A centaur (D:5)
  3 lemures (D:5)
  A phantom (D:6)
  A kobold brigand (D:6)
  Blork the orc (D:4)
  A bullfrog (D:6)
  A scorpion (D:6)
  3 hounds (D:5)
  A jelly (D:6)
  A gnoll shaman (D:6)
  3 orc wizards (D:6)
  Robin (D:3)
  9 gnolls
  7 adders
  A white imp (D:5)
  2 dart slugs
  10 orcs
  3 endoplasms
  2 giant cockroaches
  18 goblins
  7 hobgoblins
  9 jackals
  9 kobolds
  A quokka (D:3)
  7 ball pythons
  2 bats
  2 frilled lizards
  5 rats (D:1)
122 creatures vanquished.

Notes
Turn   | Place    | Note
-------+----------+-------------------------------------------
     0 | D:1      | yunder69 the Minotaur Berserker began the quest for the
                  | Orb.
     0 | D:1      | Reached XP level 1. HP: 19/19 MP: 0/0
   173 | D:1      | Reached XP level 2. HP: 24/27 MP: 1/1
   560 | D:1      | Found a faded altar of an unknown god.
   664 | D:2      | Reached skill level 4 in Polearms
   838 | D:2      | Reached XP level 3. HP: 33/33 MP: 2/2
   867 | D:2      | Reached ** piety under Trog
  1251 | D:2      | Found the +1 Delatra's gloves {ID++}
  1621 | D:3      | Found an ornate altar of the Wu Jian Council.
  1685 | D:3      | Noticed Robin
  1710 | D:3      | HP: 1/33 [poisoned by a goblin]
  1717 | D:3      | Killed Robin
  1952 | D:3      | Reached XP level 4. HP: 40/41 MP: 3/3
  2005 | D:3      | Found Ijaim's Antique Weapon Shop.
  2210 | D:3      | Found a shimmering altar of Xom.
  2436 | D:3      | Found a hide-covered altar of Uskayaw.
  2813 | D:4      | Noticed Grinder
  2818 | D:4      | Paralysed by Grinder for 6 turns
  2828 | D:4      | Paralysed by Grinder for 3 turns
  2842 | D:4      | Paralysed by Grinder for 3 turns
  2888 | D:4      | Killed Grinder
  2889 | D:4      | Reached skill level 5 in Fighting
  2889 | D:4      | Reached skill level 6 in Polearms
  2889 | D:4      | Reached XP level 5. HP: 34/48 MP: 4/4
  2889 | D:4      | Reached XP level 6. HP: 39/56 MP: 5/5
  3589 | D:4      | Noticed Blork the orc
  3601 | D:4      | Killed Blork the orc
  3802 | D:4      | Reached skill level 5 in Armour
  3897 | D:4      | Reached XP level 7. HP: 62/62 MP: 6/6
  3937 | D:4      | Reached skill level 7 in Polearms
  4446 | D:4      | Found a sacrificial altar of Ru.
  4747 | D:5      | Entered Level 5 of the Dungeon
  4839 | D:5      | Found a blossoming altar of Fedhas.
  4891 | D:5      | Found a staircase to the Ecumenical Temple.
  4969 | D:5      | Found a snail-covered altar of Cheibriados.
  4995 | D:5      | Noticed a steam dragon
  5000 | D:5      | Killed a steam dragon
  5015 | D:5      | Reached skill level 8 in Polearms
  5148 | D:5      | Noticed Pikel
  5182 | D:5      | Killed Pikel
  5183 | D:5      | Reached skill level 9 in Polearms
  5183 | D:5      | Reached XP level 8. HP: 25/73 MP: 7/7
  6261 | Temple   | Entered the Ecumenical Temple
  6451 | D:6      | Reached skill level 10 in Polearms
  6509 | D:6      | Reached XP level 9. HP: 81/81 MP: 8/8
  7001 | D:6      | Identified the +2 quarterstaff of the Purse {vorpal, rElec
                  | Will+ Int-2 Dex+8}
  7026 | D:6      | HP: 2/81 [gnoll/+0 halberd (5)]
  7027 | D:6      | Slain by a gnoll

Illustrated notes

Levels and vault maps discovered:
D:1:      dpeg_arrival_ratfight, layout_rooms, ebering_ecumenical_altar_hall
D:2:      layout_loops_ring, kennysheep_nub, fountainhead,
          kennysheep_cluttered_room
D:3:      layout_basic, mainiacjoe_overflow_cross_hatched,
          mainiacjoe_overflow_large_starburst, serial_shops,
          nicolae_shop_overgrown_old_shop, minmay_misc_feat_five,
          glass_columns_b, chequers_garden, grunt_decor_fettered, uniq_robin
D:4:      minmay_chambers_of_twos, layout_basic, nicolae_ru_path_of_blood,
          nrook_mini_vaults, sigmund_army, uniq_grinder, uniq_blork_the_orc
D:5:      layout_loops_ring, mainiacjoe_overflow_alcove_1,
          fedhas_altar_fruit_tree, minmay_temple_entry_tees, minmay_pentangle,
          uniq_pikel
D:6:      layout_basic, interstate_on_off
Temple:   jpeg_temple_clearing

Skill      XL: |  1  2  3  4  5  6  7  8  9 |
---------------+----------------------------+-----
Fighting       | 4 5 7 8 |  8.2
Polearms       | 4 6 9 10 | 10.8
Armour         | 3 4 5 6 7 |  7.8
Dodging        | 3 |  3.0

Action                   |  1- 3 |  4- 6 |  7- 9 || total
-------------------------+-------+-------+-------++-------
Melee: Spear             |   102 |    57 |       ||   159
       Headbutt          |    10 |    11 |    30 ||    51
       Halberd           |       |    24 |   172 ||   196
Invok: Berserk           |     1 |     3 |     4 ||     8
       Trog's Hand       |       |     2 |     5 ||     7
  Use: Potion            |     3 |       |     2 ||     5
       Scroll            |       |       |     1 ||     1
 Stab: Sleeping          |     1 |       |       ||     1
Armor: Animal skin       |     5 |       |       ||     5
       Ring mail         |    23 |    18 |    14 ||    55
       Chain mail        |       |       |   109 ||   109
Dodge: Dodged            |    31 |    37 |    66 ||   134

Table legend: (Time is in decaauts)
 A = Elapsed time spent in this place.
 B = Non-inter-level travel time spent in this place.
 C = Inter-level travel time spent in this place.
 D = Time resting spent in this place.
 E = Time spent auto-exploring this place.
 F = Levels seen in this place.
 G = Mean time per level.
                   A        B        C        D        E       F      G
               +--------+--------+--------+--------+--------+-----+--------+
         Total |   7096 |   6174 |    922 |   1112 |   4147 |   7 | 1013.7 |
       Dungeon |   6953 |   6049 |    904 |   1112 |   4038 |   6 | 1158.8 |
        Temple |    143 |    125 |     18 |      0 |    109 |   1 |  143.0 |
               +--------+--------+--------+--------+--------+-----+--------+

Top non-repeatable levels by time:
     D:4: 2132 daAuts
     D:5: 1525 daAuts
     D:3: 1184 daAuts
     D:2: 882 daAuts
     D:1: 637 daAuts
     D:6: 591 daAuts
  Temple: 143 daAuts
